 Dungeon Crawl Stone Soup version 0.24.0-1-gfbc8707122 (webtiles) character file.

Game seed: 17867192222127312478, levelgen mode: deterministic

35 Donthurtboomboom the Grave Robber (level 3, -7/31 HPs)
             Began as a Troll Necromancer on Oct 27, 2019.
             Blown up by an orc (18 damage)
             ... with a disintegration bolt
             ... on level 3 of the Dungeon.
             The game lasted 00:09:30 (1674 turns).

Donthurtboomboom the Grave Robber (TrNe)            Turns: 1674, Time: 00:09:30

Health: -7/31      AC:  6    Str: 17    XL:     3   Next: 17%
Magic:  4/4        EV: 10    Int: 11    God:
Gold:   79         SH:  0    Dex: 10    Spells: 3/4 levels left

rFire    . . .     SeeInvis .   (no weapon)
rCold    . . .     Gourm    +   (no shield)
rNeg     . . .     Faith    .   a - +0 robe
rPois    .         Spirit   .   (helmet restricted)
rElec    .         Reflect  .   (no cloak)
rCorr    .         Harm     .   (gloves unavailable)
MR       .....                  (boots unavailable)
Stlth    +.........             (no amulet)
HPRegen  0.50/turn              (no ring)
MPRegen  0.09/turn              (no ring)

@: no status effects
A: large, unfitting armour, claws 3, fast metabolism 3, gourmand, regeneration
1, shaggy fur 1, tough skin 3
a: no special abilities


You were on level 3 of the Dungeon.
You were hungry.

You visited 1 branch of the dungeon, and saw 3 of its levels.

You collected 79 gold pieces.

Inventory:

Armour
 a - a +0 robe (worn)
 b - a +0 robe
 c - a +0 helmet
Jewellery
 m - an uncursed amulet of magic regeneration {unknown}
Scrolls
 d - a scroll of teleportation
 f - 2 scrolls of identify {unknown}
 g - a scroll of enchant armour {unknown}
 h - a scroll of immolation {unknown}
 i - a scroll of noise {unknown}
Potions
 e - a potion of haste {unknown}
 l - a potion of brilliance {unknown}
Comestibles
 j - 3 chunks of flesh
 k - a ration


   Skills:
 + Level 2.2 Dodging
 + Level 1.0 Stealth
 + Level 0.5 Unarmed Combat
 + Level 1.4 Spellcasting
 + Level 3.6 Necromancy


You had 3 spell levels left.
You knew the following spells:

 Your Spells              Type           Power        Failure   Level  Hunger
a - Pain                  Necr           #...         7%          1    ##.....

Your spell library contained the following spells:

 Spells                   Type           Power        Failure   Level  Hunger
 Animate Skeleton         Necr           N/A          7%          1    ##.....
 Vampiric Draining        Necr           #.........   22%         3    ####...
 Regeneration             Chrm/Necr      #.........   41%         3    ####...
 Animate Dead             Necr           N/A          56%         4    #####..


Dungeon Overview and Level Annotations

Branches:
Dungeon (3/15)

Altars:

Annotations:
D:1 1 exclusion


Innate Abilities, Weirdness & Mutations

You are too large for most types of armour.
You have claws for hands.
Your metabolism is lightning-fast.
You like to eat raw meat.
Your natural rate of healing is unusually fast.
You are covered in fur. (AC +1)
You have extremely tough skin. (AC +3)


Message History

You barely miss the hobgoblin. The hobgoblin hits you with a +0 club.
The orc hits you but does no damage.
You scratch the hobgoblin.
The hobgoblin is moderately wounded.
The hobgoblin hits you with a +0 club. The orc completely misses you.
You scratch the hobgoblin but do no damage.
The hobgoblin is lightly wounded.
The hobgoblin hits you with a +0 club. The orc closely misses you.
You scratch the hobgoblin.
The hobgoblin is severely wounded.
The hobgoblin hits you with a +0 club. The orc hits you with a +0 club!
You closely miss the hobgoblin.
The hobgoblin is severely wounded.
The hobgoblin hits you with a +0 club. The orc hits you but does no damage.
You claw the hobgoblin!
You kill the hobgoblin!
The orc closely misses you.
The orc zaps a wand.
You are blasted!
Ouch! That really hurt!
You die...

#.# .#
##.####.# ..
........#
###
##.####(#
#(# #)# #.#
#)### #.@.#
#.o...#
#.......#
.........#
(..........#
#.###.....##
#. ##...## #
##.##


You could see an orc.

Vanquished Creatures
  An orc (D:3)
  A giant cockroach (D:3)
  4 goblins
  5 hobgoblins
  4 jackals (D:2)
  6 kobolds
  5 bats
  A frilled lizard (D:1)
  3 rats (D:1)
30 creatures vanquished.

Notes
Turn   | Place    | Note
-------+----------+-------------------------------------------
     0 | D:1      | Donthurtboomboom the Troll Necromancer began the quest for
                  | the Orb.
     0 | D:1      | Reached XP level 1. HP: 16/16 MP: 1/1
   244 | D:1      | Reached XP level 2. HP: 24/24 MP: 3/3
  1582 | D:3      | Reached XP level 3. HP: 31/31 MP: 4/4
  1674 | D:3      | Blown up by an orc

Levels and vault maps discovered:
D:1:      scummos_arrival_hexagon, layout_loops_corners
D:2:      layout_basic, serial_forest, infiniplex_forest_lined_ring,
          infiniplex_forest_lined_2, infiniplex_forest_clump_long,
          infiniplex_forest_lined_corner, infiniplex_forest_straight_1,
          first_ration
D:3:      layout_loops_ring, yredelemnul_forgotten_temple_becter,
          lemuel_blue_sif_altar, uniq_crazy_yiuf_cottage, uniq_sigmund

Skill      XL: |  1  2 |
---------------+-------+-----
Dodging        | 2 |  2.2
Stealth        | |  1.0
Unarmed Combat | |  0.5
Spellcasting   | |  1.4
Necromancy     | |  3.6

Action                   || total
-------------------------++-------
Melee: Unarmed           ||   124
  Use: Scroll            ||     1
  Eat: Chunk             ||     5
       Ration            ||     2
Armor: Robe              ||   153
Dodge: Dodged            ||   152
